MLB
JACKSONVILLE BOMBERS @ CAROLINA CATAMOUNTS
07/13/2041
 
TOP OF THE 1ST
Jacksonville Bombers batting - Pitching for Carolina Catamounts : RHP Ed Hatcher
Pitching: RHP Ed Hatcher
Batting: RHB Raúl Toro 0-0: Ball
1-0: Ball
2-0: Called Strike
2-1: Fly out, F7 (Line Drive, 7, EV 90.0 MPH)
Batting: RHB Jake Thomas 0-0: Ball
1-0: Ball
2-0: SINGLE (Groundball, 6D, EV 82.5 MPH) (infield hit)
Batting: RHB José Alonso 0-0: Fly out, F9 (Flyball, 9, EV 93.1 MPH)
Batting: LHB Yoshihito Abe 0-0: Ball
1-0: Called Strike
Pickoff Throw to First - Out! 1-3
Top of the 1st over - 0 runs, 1 hit, 0 errors, 0 left on base; Jacksonville 0 - Carolina 0
BOTTOM OF THE 1ST
Carolina Catamounts batting - Pitching for Jacksonville Bombers : LHP J.J. Bolton
Pitching: LHP J.J. Bolton
Batting: LHB Orlando Hernández 0-0: Fly out, F7 (Flyball, 78S, EV 91.3 MPH)
Batting: LHB Sam Kirby 0-0: Swinging Strike
0-1: Ball
1-1: Foul Ball, location: 2F
1-2: Ball
2-2: Foul Ball, location: 2F
2-2: SOLO HOME RUN (Flyball, 9D, EV 99.4 MPH), Distance : 385 ft
Batting: RHB Dani Madrigal 0-0: Foul Ball, location: 25F
0-1: Fly out, F9 (Flyball, 9S, EV 90.6 MPH)
Batting: LHB Joe Anderson 0-0: Ball
1-0: Called Strike
1-1: Foul Ball, location: 3FF
1-2: Strikes out swinging
Bottom of the 1st over - 1 run, 1 hit, 0 errors, 0 left on base; Jacksonville 0 - Carolina 1
TOP OF THE 2ND
Jacksonville Bombers batting - Pitching for Carolina Catamounts : RHP Ed Hatcher
Batting: LHB Yoshihito Abe 0-0: Ball
1-0: Ball
2-0: Called Strike
2-1: SINGLE (Flyball, 3D, EV 93.1 MPH)
Batting: RHB Misao Suitani 0-0: Called Strike
0-1: Foul Ball, location: 2F
0-2: Foul Ball, location: 25F
0-2: Ball
1-2: Grounds into double play, 5-4-3 (Groundball, 56, EV 104.4 MPH)
Batting: LHB Héctor González 0-0: Ball
1-0: Swinging Strike
1-1: Ball
2-1: Ground out 6-3 (Groundball, 56D, EV 100.0 MPH)
Top of the 2nd over - 0 runs, 1 hit, 0 errors, 0 left on base; Jacksonville 0 - Carolina 1
BOTTOM OF THE 2ND
Carolina Catamounts batting - Pitching for Jacksonville Bombers : LHP J.J. Bolton
Batting: RHB Ignacio Montalvo 0-0: Ball
1-0: Called Strike
1-1: Fly out, F9 (Flyball, 9S, EV 83.1 MPH)
Batting: RHB Leo Myers 0-0: Ball
1-0: Called Strike
1-1: SINGLE (Line Drive, 89S, EV 108.1 MPH)
Batting: RHB José Cordero 0-0: Fly out, F8 (Flyball, 89M, EV 93.1 MPH)
Batting: RHB Chris Adams 0-0: Fly out, F8 (Line Drive, 8LS, EV 89.4 MPH)
Bottom of the 2nd over - 0 runs, 1 hit, 0 errors, 1 left on base; Jacksonville 0 - Carolina 1
TOP OF THE 3RD
Jacksonville Bombers batting - Pitching for Carolina Catamounts : RHP Ed Hatcher
Batting: RHB Jim Brown 0-0: Ball
1-0: Ball
2-0: Foul Ball, location: 2F
2-1: Ground out 3-1 (Groundball, 34S, EV 90.6 MPH)
Batting: RHB Pat Mayer 0-0: Called Strike
0-1: Called Strike
0-2: Foul Ball, location: 25FF
0-2: Ball
1-2: Ball
2-2: Strikes out swinging
Batting: RHB Gilberto Souza 0-0: Called Strike
0-1: Foul Ball, location: 2F
0-2: Fly out, F4 (Popup, 4S, EV 81.3 MPH)
Top of the 3rd over - 0 runs, 0 hits, 0 errors, 0 left on base; Jacksonville 0 - Carolina 1
BOTTOM OF THE 3RD
Carolina Catamounts batting - Pitching for Jacksonville Bombers : LHP J.J. Bolton
Batting: LHB Bernardo Galván 0-0: Swinging Strike
0-1: Ball
1-1: Foul Ball, location: 7LMF
1-2: Ball
2-2: Fly out, F8 (Flyball, 89D, EV 108.8 MPH)
Batting: LHB Orlando Hernández 0-0: Ground out 4-3 (Groundball, 4D, EV 98.1 MPH)
Batting: LHB Sam Kirby 0-0: Called Strike
0-1: Called Strike
0-2: Ball
1-2: Ball
2-2: Ball
3-2: Foul Ball, location: 2F
3-2: Strikes out swinging
Bottom of the 3rd over - 0 runs, 0 hits, 0 errors, 0 left on base; Jacksonville 0 - Carolina 1
TOP OF THE 4TH
Jacksonville Bombers batting - Pitching for Carolina Catamounts : RHP Ed Hatcher
Batting: RHB Raúl Toro 0-0: SINGLE (Line Drive, 6D, EV 95.0 MPH)
Batting: RHB Jake Thomas 0-0: Ball
1-0: Ball
2-0: Bunted foul
2-1: Foul Ball, location: 5F
2-2: Strikes out swinging
Batting: RHB José Alonso 0-0: Ball
1-0: Called Strike
Raúl Toro steals 2nd base
1-1: Ball
2-1: Ground out 2-3 (Groundball, 2L, EV 63.8 MPH)
Raúl Toro to third
Batting: LHB Yoshihito Abe 0-0: Ball
1-0: Ball
2-0: Called Strike
2-1: Ball
3-1: Called Strike
3-2: Fly out, F3 (Popup, 3SF, EV 63.1 MPH)
Top of the 4th over - 0 runs, 1 hit, 0 errors, 1 left on base; Jacksonville 0 - Carolina 1
BOTTOM OF THE 4TH
Carolina Catamounts batting - Pitching for Jacksonville Bombers : LHP J.J. Bolton
Batting: RHB Dani Madrigal 0-0: Ball
1-0: Fly out, F7 (Flyball, 78S, EV 92.5 MPH)
Batting: LHB Joe Anderson 0-0: Swinging Strike
0-1: Ball
1-1: Ball
2-1: Ball
3-1: Called Strike
3-2: Fly out, F2 (Popup, 25F, EV 75.0 MPH)
Batting: RHB Ignacio Montalvo 0-0: Ball
1-0: Ball
2-0: Fly out, F9 (Flyball, 9S, EV 85.0 MPH)
Bottom of the 4th over - 0 runs, 0 hits, 0 errors, 0 left on base; Jacksonville 0 - Carolina 1
TOP OF THE 5TH
Jacksonville Bombers batting - Pitching for Carolina Catamounts : RHP Ed Hatcher
Batting: RHB Misao Suitani 0-0: Ground out 4-3 (Groundball, 4S, EV 83.8 MPH)
Batting: LHB Héctor González 0-0: Ball
1-0: Ball
2-0: Called Strike
2-1: Called Strike
2-2: Ball
3-2: Base on Balls
Batting: RHB Jim Brown 0-0: Swinging Strike
0-1: Called Strike
0-2: Ball
1-2: Ball
2-2: Grounds into double play, 1-6-3 (Groundball, 13S, EV 65.0 MPH)
Top of the 5th over - 0 runs, 0 hits, 0 errors, 0 left on base; Jacksonville 0 - Carolina 1
BOTTOM OF THE 5TH
Carolina Catamounts batting - Pitching for Jacksonville Bombers : LHP J.J. Bolton
Batting: RHB Leo Myers 0-0: Called Strike
0-1: Swinging Strike
0-2: Strikes out swinging
Batting: RHB José Cordero 0-0: Ball
1-0: Ball
2-0: Called Strike
2-1: Fly out, F8 (Line Drive, 8RM, EV 90.0 MPH)
Batting: RHB Chris Adams 0-0: Fly out, F8 (Flyball, 8RM, EV 93.1 MPH)
Bottom of the 5th over - 0 runs, 0 hits, 0 errors, 0 left on base; Jacksonville 0 - Carolina 1
TOP OF THE 6TH
Jacksonville Bombers batting - Pitching for Carolina Catamounts : RHP Ed Hatcher
Batting: RHB Pat Mayer 0-0: Foul Ball, location: 3F
0-1: Ball
1-1: Ball
2-1: Swinging Strike
2-2: Foul Ball, location: 3F
2-2: Ball
3-2: Foul Ball, location: 2LF
3-2: SINGLE (Groundball, 34D, EV 99.4 MPH)
Batting: RHB Gilberto Souza 0-0: Grounds into double play, 5-4-3 (Groundball, 56S, EV 85.6 MPH)
Batting: RHB Raúl Toro 0-0: Ball
1-0: SINGLE (Groundball, 6MD, EV 95.6 MPH)
Batting: RHB Jake Thomas 0-0: Ball
Raúl Toro steals 2nd base (no throw)
1-0: Called Strike
1-1: Ground out 6-3 (Groundball, 6, EV 109.4 MPH)
Top of the 6th over - 0 runs, 2 hits, 0 errors, 1 left on base; Jacksonville 0 - Carolina 1
BOTTOM OF THE 6TH
Carolina Catamounts batting - Pitching for Jacksonville Bombers : LHP J.J. Bolton
Batting: LHB Bernardo Galván 0-0: Ball
1-0: Ball
2-0: Called Strike
2-1: Ground out U3 (Groundball, 3, EV 85.0 MPH)
Batting: LHB Orlando Hernández 0-0: Called Strike
0-1: Swinging Strike
0-2: Fly out, F8 (Flyball, 8RM, EV 90.6 MPH)
Batting: LHB Sam Kirby 0-0: Ball
1-0: SINGLE (Line Drive, 34D, EV 96.9 MPH)
Batting: RHB Dani Madrigal 0-0: Ball
1-0: Fly out, F9 (Flyball, 9S, EV 81.3 MPH)
Bottom of the 6th over - 0 runs, 1 hit, 0 errors, 1 left on base; Jacksonville 0 - Carolina 1
TOP OF THE 7TH
Jacksonville Bombers batting - Pitching for Carolina Catamounts : RHP Ed Hatcher
Batting: RHB José Alonso 0-0: Called Strike
0-1: Ball
1-1: Ball
2-1: Foul Ball, location: 2F
2-2: Ground out 6-3 (Groundball, 6, EV 105.0 MPH)
Batting: LHB Yoshihito Abe 0-0: Foul Ball, location: 2F
0-1: Ball
1-1: Foul Ball, location: 23F
1-2: Fly out, F8 (Flyball, 8RM, EV 93.1 MPH)
Batting: RHB Misao Suitani 0-0: Foul Ball, location: 2F
0-1: Called Strike
0-2: Strikes out swinging
Top of the 7th over - 0 runs, 0 hits, 0 errors, 0 left on base; Jacksonville 0 - Carolina 1
BOTTOM OF THE 7TH
Carolina Catamounts batting - Pitching for Jacksonville Bombers : LHP J.J. Bolton
Batting: LHB Joe Anderson 0-0: Called Strike
0-1: SOLO HOME RUN (Flyball, 7D, EV 98.8 MPH), Distance : 392 ft
Batting: RHB Ignacio Montalvo 0-0: Called Strike
0-1: Ground out 4-3 (Groundball, 4MS, EV 104.4 MPH)
Batting: RHB Leo Myers 0-0: Called Strike
0-1: Ball
1-1: Called Strike
1-2: Ball
2-2: Fly out, F9 (Flyball, 9LM, EV 89.4 MPH)
Batting: RHB José Cordero 0-0: Called Strike
0-1: Called Strike
0-2: Ball
1-2: Foul Ball, location: 5F
1-2: Strikes out looking
Bottom of the 7th over - 1 run, 1 hit, 0 errors, 0 left on base; Jacksonville 0 - Carolina 2
TOP OF THE 8TH
Jacksonville Bombers batting - Pitching for Carolina Catamounts : RHP Ed Hatcher
Batting: LHB Héctor González 0-0: Ball
1-0: Ball
2-0: Ball
3-0: Called Strike
3-1: Swinging Strike
3-2: Base on Balls
Pitching: RHP Randy Stephenson
Batting: RHB Jim Brown 0-0: Called Strike
0-1: Fielders Choice at 2nd, 1-6 (Groundball, 34S, EV 61.3 MPH)
Batting: RHB Pat Mayer 0-0: Ball
1-0: Foul Ball, location: 5F
1-1: Called Strike
1-2: Foul Ball, location: 3F
1-2: Ball
2-2: Foul Ball, location: 3F
2-2: Foul Ball, location: 9LDF
2-2: Ball
3-2: Strikes out swinging
Jim Brown is caught stealing 2nd base 2-4
Batter strikes out.
Top of the 8th over - 0 runs, 0 hits, 0 errors, 0 left on base; Jacksonville 0 - Carolina 2
BOTTOM OF THE 8TH
Carolina Catamounts batting - Pitching for Jacksonville Bombers : LHP J.J. Bolton
Batting: RHB Chris Adams 0-0: Foul Ball, location: 2F
0-1: Foul Ball, location: 5FF
0-2: Strikes out swinging
Batting: LHB Bernardo Galván 0-0: Ball
1-0: Swinging Strike
1-1: Swinging Strike
1-2: Strikes out swinging, 2-3 out at first.
Batting: LHB Orlando Hernández 0-0: Ball
1-0: Called Strike
1-1: SINGLE (Line Drive, 34D, EV 93.8 MPH)
Batting: LHB Sam Kirby 0-0: Ball
1-0: Ball
2-0: Called Strike
2-1: Called Strike
2-2: Ball
Orlando Hernández steals 2nd, throwing error, E2
Orlando Hernández to third
3-2: Ground out 4-3 (Groundball, 4, EV 81.9 MPH)
Bottom of the 8th over - 0 runs, 1 hit, 1 error, 1 left on base; Jacksonville 0 - Carolina 2
TOP OF THE 9TH
Jacksonville Bombers batting - Pitching for Carolina Catamounts : RHP Randy Stephenson
Pitching: LHP Liam Dealey
Now in RF: Alfredo Mendoza
Batting: RHB Gilberto Souza 0-0: Ball
1-0: Ball
2-0: Called Strike
2-1: Foul Ball, location: 9LSF
2-2: Ball
3-2: Foul Ball, location: 2F
3-2: Foul Ball, location: 2F
3-2: Foul Ball, location: 2F
3-2: DOUBLE (Line Drive, 89M, EV 101.9 MPH)
Batting: RHB Raúl Toro 0-0: Called Strike
0-1: Ball
1-1: Foul Ball, location: 5F
1-2: SINGLE (Groundball, 6MD, EV 99.4 MPH)
Gilberto Souza to third
Batting: RHB Jake Thomas 0-0: Called Strike
0-1: Fly out, F8 (Line Drive, 8LD, EV 103.8 MPH)
Runner from 3rd tags up, SCORES, no throw by CF
Batting: RHB José Alonso 0-0: Ball
Raúl Toro is caught stealing 2nd base 2-4
1-0: Ball
2-0: Foul Ball, location: 7LMF
2-1: Foul Ball, location: 2RF
2-2: Strikes out looking
Top of the 9th over - 1 run, 2 hits, 0 errors, 0 left on base; Jacksonville 1 - Carolina 2
Sunday, March 24th , 2024 - OOTP Baseball 24.10 Build 82